AoeStats
← theodb

MegaRandom

510159929Analyzed
3v3 RM · 2d ago on Sep 29, 2026· 53m 22s· 6 players
Game mode
Random Map
Map size
Normal (6 player)
Population
200
Speed
Normal
Resources
Standard
Victory
Conquest
Starting age
Dark Age
Ending age
Imperial Age
RankedLock teamsTeams togetherTeam positionsShared explorationLock speedFull tech treeHidden civsTurbo modeCheats
Victory
Defeat
🇺🇸 Tatars · United States
1077
+13
🇲🇽 Hindustanis · Mexico
1050
+14
🇺🇸 Mongols · United States
1032
+14
🇳🇱 Aztecs · Netherlands
1067
-16
🇳🇱 Bohemians · Netherlands
975
-13
🇳🇱 Franks · Netherlands
956
-12
theodb
9:40 Feudal Age
10:55 Wheelbarrow
11:24 Scale Barding Armor
11:30 Forging
12:03 Loom
12:53 Bloodlines
20:40 Horse Collar
24:30 Double-Bit Axe
28:56 Castle Age
28:08 Gold Mining
28:09 Stone Mining
28:17 Stone Mining
29:52 Bow Saw
29:47 Heavy Plow
30:26 Gold Shaft Mining
30:11 Hand Cart
30:36 Stone Shaft Mining
30:41 Town Watch
30:42 Loom
31:23 Husbandry
38:11 Chain Barding Armor
43:53 Imperial Age
43:18 Iron Casting
43:15 Fervor
45:52 Nomads
46:14 Conscription
46:12 Elite Steppe Lancer
48:49 Blast Furnace
48:42 Town Patrol
nik
3:18 Loom
11:05 Feudal Age
11:33 Double-Bit Axe
11:39 Horse Collar
20:07 Castle Age
18:28 Gold Mining
19:34 Fletching
20:08 Crossbowman
20:57 Padded Archer Armor
26:46 Gold Shaft Mining
27:32 Silk Armor
29:00 Leather Archer Armor
29:02 Husbandry
35:16 Imperial Age
34:02 Ballistics
34:13 Bloodlines
35:25 Heavy Cavalry Archer
37:10 Bodkin Arrow
38:08 Bracer
40:17 Wheelbarrow
43:41 Ring Archer Armor
46:26 Hand Cart
46:50 Capped Ram
49:06 Chemistry
48:35 Conscription
49:16 Siege Ram
Dracarys2306
11:43 Feudal Age
16:34 Castle Age
15:31 Bloodlines
15:32 Double-Bit Axe
21:30 Horse Collar
23:02 Elite Skirmisher
23:35 Fletching
23:34 Loom
27:02 Scale Barding Armor
29:25 Bodkin Arrow
30:44 Wheelbarrow
33:06 Chain Barding Armor
37:06 Imperial Age
34:49 Gold Mining
35:46 Forging
37:02 Town Watch
38:52 Plate Barding Armor
37:54 Heavy Camel Rider
40:45 Iron Casting
43:30 Blast Furnace
45:18 Ballistics
48:32 Bracer
48:43 Husbandry
49:20 Thumb Ring
48:41 Imperial Camel Rider
50:27 Chemistry
52:30 Gold Shaft Mining
[OuweHO3R] Rambo
9:18 Loom
11:58 Feudal Age
17:58 Castle Age
21:12 Town Watch
29:09 Husbandry
33:03 Imperial Age
32:34 Forging
32:32 Scale Barding Armor
33:50 Cavalier
41:49 Iron Casting
44:06 Blast Furnace
46:44 Paladin
50:43 Chain Barding Armor
Flying Dutchman
2:37 Loom
10:34 Feudal Age
17:07 Castle Age
15:38 Double-Bit Axe
15:35 Horse Collar
37:46 Pikeman
39:37 Scale Mail Armor
39:48 Forging
40:17 Wheelbarrow
40:17 Squires
40:42 Eagle Warrior
41:32 Gold Mining
45:28 Arson
47:18 Hand Cart
48:53 Town Watch
49:20 Bow Saw
50:37 Gold Shaft Mining
53:18 Imperial Age
50:55 Town Patrol
Bredatje
5:23 Loom
12:14 Feudal Age
12:47 Double-Bit Axe
13:41 Horse Collar
20:15 Castle Age
19:00 Scale Mail Armor
20:46 Forging
24:36 Wheelbarrow
25:39 Chain Mail Armor
26:36 Bow Saw
26:00 Pikeman
34:42 Imperial Age
33:23 Heavy Plow
34:01 Iron Casting
38:12 Plate Mail Armor
41:56 Halberdier
43:41 Light Cavalry
48:08 Elite Skirmisher
49:10 Squires
49:38 Scale Barding Armor
Connection lost

Rejoining the realm…

Still unreachable

The connection could not be restored.

Session expired

The server has moved on; the page needs a fresh start.